 Dungeon Crawl Stone Soup version 0.30.1-11-g7821555f0a (webtiles) character file.

Game seed: 718360437352720485

43806 Peloso the Fencer (level 13, -6/122 HPs)
             Began as a Minotaur Fighter on Dec 3, 2023.
             Was a High Priest of Okawaru.
             Killed by divine providence
             ... invoked by an orc high priest
              (12 damage)
             ... while paralysed by an orc sorcerer
             ... on level 2 of the Orcish Mines.
             The game lasted 00:33:17 (21342 turns).

Peloso the Fencer (Minotaur Fighter)               Turns: 21342, Time: 00:33:19

Health: -6/122     AC: 21    Str: 21    XL:     13   Next: 92%
Magic:  13/13      EV:  2    Int:  5    God:    Okawaru [*****.]
Gold:   625        SH:  0    Dex: 15    Spells: 12/12 levels left

rFire   + . .        b - +4 scimitar
rCold   + . .        d - +0 buckler
rNeg    . . .        c - +6 chain mail "Honwio" {+Blink Slay+2}
rPois   +            (helmet restricted)
rElec   .            L - scarf {rC+ rF+}
rCorr   +            y - +1 pair of gloves
SInv    .            (no boots)
Will    .....        (no amulet) Stlth
                     m - ring of resist corrosion
HPRegen 0.40/turn    p - ring of poison resistance
MPRegen 0.13/turn

%: no passive effects
@: paralysed
A: horns 2, retaliatory headbutt
a: Renounce Religion, Evoke Blink, Heroism, Finesse, Duel


You were on level 2 of the Orcish Mines.
You worshipped Okawaru.
Okawaru was extremely pleased with you.
You visited 4 branches of the dungeon, and saw 18 of its levels.
You also visited: Ossuary.

You collected 1145 gold pieces.
You spent 520 gold pieces at shops.

Inventory:

Hand Weapons
 a - a +0 long sword of flaming
 b - a +4 scimitar (weapon)
Missiles
 e - a throwing net (quivered)
Armour
 c - the +6 chain mail "Honwio" (worn) {+Blink Slay+2}
   (You took it off a goblin on level 2 of the Dungeon)

   Slay:      It affects your accuracy & damage with ranged weapons and melee
   (+2).
   +Blink:    It lets you blink.
 d - a +0 buckler (worn)
 y - a +1 pair of gloves (worn)
 L - a scarf of resistance (worn)
Jewellery
 m - a ring of resist corrosion (left hand)
 o - an amulet of the acrobat
 p - a ring of poison resistance (right hand)
 r - a +6 ring of intelligence
 C - a +5 ring of evasion
 H - a ring of fire
 P - a ring of protection from cold
 S - an amulet of faith
Wands
 v - a wand of flame (50)
 w - a wand of digging (2)
 z - a wand of light (10)
 M - a wand of polymorph (6)
Scrolls
 f - 11 scrolls of teleportation
 g - 4 scrolls of immolation
 h - 4 scrolls of magic mapping
 j - a scroll of brand weapon
 u - a scroll of acquirement
 D - 3 scrolls of fear
 G - 3 scrolls of poison
 K - a scroll of enchant armour
 O - 2 scrolls of amnesia
 Q - a scroll of butterflies {unknown}
 R - 3 scrolls of silence {unknown}
Potions
 i - 2 potions of brilliance
 k - 2 potions of magic
 l - 3 potions of lignification
 n - 5 potions of might
 q - a potion of berserk rage
 s - 2 potions of invisibility
 t - 4 potions of flight
 x - 6 potions of mutation
 A - 4 potions of haste
 B - 3 potions of ambrosia {unknown}
 F - 3 potions of curing
 I - a potion of resistance {unknown}
 J - a potion of experience {unknown}
 N - a potion of cancellation {unknown}


   Skills:
 + Level 13.3 Fighting
 + Level 17.5 Long Blades
 + Level 14.5 Armour
 + Level 5.4 Dodging
 + Level 2.9 Stealth
 + Level 11.5 Shields
 + Level 2.0 Invocations
 + Level 0.2 Evocations


You had 12 spell levels left.
You didn't know any spells.
Your spell library contained the following spells:

 Spells                   Type           Power      Damage    Failure   Level
 Apportation              Tloc           0%         N/A       95%         1
 Necrotise                Necr           0%         1d4       95%         1
 Cigotuvi's Dreadful Rot  Necr/Pois/Air  0%         N/A       98%         2
 Lesser Beckoning         Tloc           0%         N/A       98%         2
 Poisonous Vapours        Pois/Air       0%         N/A       98%         2
 Scorch                   Fire           0%         2d5       98%         2
 Sublimation of Blood     Necr           0%         N/A       98%         2
 Wereblood                Tmut           0%         N/A       98%         2
 Gell's Gravitas          Tloc           0%         N/A       100%        3
 Teleport Other           Tloc           0%         N/A       100%        3
 Flame Wave               Conj/Fire      0%         2d4       100%        4
 Alistair's Intoxication  Tmut/Pois      0%         N/A       100%        5
 Orb of Destruction       Conj           0%         9d5       100%        7
 Summon Small Mammal      Summ           Unusable   N/A       N/A         1
 Summon Guardian Golem    Hex/Summ       Unusable   N/A       N/A         3
 Summon Cactus Giant      Summ           Unusable   N/A       N/A         6
 Spellforged Servitor     Conj/Summ      Unusable   N/A       N/A         7
 Summon Hydra             Summ           Unusable   N/A       N/A         7

Dungeon Overview and Level Annotations

Branches:
Dungeon (12/15)            Temple (1/1) D:7            Lair (3/5) D:9
 Shoals (0/4) Lair:2       Spider (0/4) Lair:3          Orc (2/2) D:9
    Elf (0/3) Orc:2       Ossuary (visited)

Altars:
Cheibriados
Dithmenos
Elyvilon
Fedhas
Gozag
Kikubaaqudgha
Makhleb
Okawaru
Qazlal
Ru
Sif Muna
Vehumet
Wu Jian

Shops:
D:7 (=*(   D:9 *   D:12 !

Annotations:
D:8 3 runed translucent doors, jotaen's ghost, novice GnWn


Innate Abilities, Weirdness & Mutations

You have a pair of horns on your head.
You reflexively headbutt those who attack you in melee.


Message History

Unknown command.
A warg comes into view.
An orc priest comes into view. It is wielding a +0 flail.
Unknown command.
The orc priest shouts!
You hear a shout!
An orc priest comes into view. It is wielding a +0 whip.
An orc warrior comes into view. It is wielding a +0 battleaxe.
An orc knight comes into view. It is wielding a +0 broad axe.
Unknown command.
The orc sorcerer mumbles some strange words.
The orc knight moves out of view.
Unknown command.
The sun demon hits you!
You are engulfed in flames!
You resist. The sun demon attacks as you move away! The sun demon hits you!
You are engulfed in flames.
You resist. The sun demon attacks as you move away!
The sun demon barely misses you.
The orc shouts!
The orc sorcerer points at you and mumbles some strange words.
You suddenly lose the ability to move!
The orc priest invokes the aid of Beogh against you.
Pain shoots through your body!
The orc warrior shouts!
The sun demon hits you!
You are engulfed in flames.
You resist.
The orc warrior hits you with a +0 battleaxe!
An orc high priest comes into view. It is wielding a +0 halberd.
The orc high priest shouts!
The sun demon hits you!
* * * LOW HITPOINT WARNING * * *
You are engulfed in flames!
You resist.
* * * LOW HITPOINT WARNING * * *
The orc warrior hits you with a +0 battleaxe!
* * * LOW HITPOINT WARNING * * *
The orc high priest prays to Beogh.
The sun demon hits you but does no damage.
The orc sorcerer hits you but does no damage.
The orc warrior hits you with a +0 battleaxe.
* * * LOW HITPOINT WARNING * * *
The orc high priest mumbles some strange prayers to Beogh against you.
Beogh smites you!
You die...

........
.o4.................
..............#.#..
###................#
##...o..............# ##
#.....o.o..............#
#....#.oo.........#...#
#....#.oT3........##..##
#....#..3@o.............#
##...##......#.#....#...##
#... ##....######.##.....
#.... ##...## ####........
#.... #...## #.##........
##... ##.## ##.#.........
#... ### #............
####..<....##...
##.#........#....


You could see an orc knight, an orc high priest, a sun demon (summoned), a
hellwing (summoned), a troll, a sixfirhy (summoned), an orc sorcerer, 2 orc
warriors, 2 orc priests and an orc.

Vanquished Creatures
  A hydra (Lair:2)
  3 boulder beetles
  3 two-headed ogres
  14 death yaks
  5 skeletal warriors (D:12)
  2 skysharks
  A wizard (D:12)
  An orc knight (D:9)
  A wolf spider (Lair:3)
  An ugly thing (D:11)
  A cyclops (D:12)
  2 black mambas
  2 gargoyles (D:11)
  10 cane toads
  A rime drake (Lair:1)
  A komodo dragon (D:10)
  2 trolls
  Grinder (D:4)
  A snapping turtle (Lair:2)
  Prince Ribbit (D:8)
  7 dream sheep (Lair:3)
  6 slime creatures (D:12)
  2 shadows
  A vampire (D:11)
  A culicivora (Lair:3)
  A wraith (Ossuary)
  42 yaks
  4 wyverns
  5 large abominations (D:12)
  7 small abominations (D:12)
  A steam dragon (D:9)
  A basilisk (Lair:3)
  6 vampire mosquitoes
  2 redbacks (Lair:3)
  6 orc warriors
  An acid dragon (D:12)
  9 water moccasins
  2 sky beasts (D:8)
  3 black bears
  3 ice beasts
  3 ogres
  7 centaurs
  3 phantoms
  3 kobold brigands (D:9)
  9 bullfrogs
  An elf zombie (Ossuary)
  2 gnoll sergeants
  2 scorpions (D:5)
  12 wights
  21 killer bees
  3 troll zombies (D:9)
  An electric eel (Lair:1)
  4 howler monkeys
  2 vampire bats (Lair:2)
  8 hounds
  A human zombie (Ossuary)
  2 orc priests
  3 jellies
  An iron imp (D:10)
  3 sleepcaps
  An iguana (D:4)
  Natasha (thrice) (D:2)
  10 orc wizards
  5 ogre zombies (D:9)
  3 mummies (Ossuary)
  Robin (D:2)
  16 gnolls
  A river rat (D:9)
  6 adders
  A shadow imp (D:5)
  A white imp (D:5)
  An ufetubus (D:5)
  2 worms
  4 dart slugs
  50 orcs
  7 ball pythons
  16 bats
  2 bat zombies (D:10)
  11 endoplasms
  4 giant cockroaches
  A gnoll zombie (Ossuary)
  17 goblins
  10 hobgoblins
  6 quokkas
  4 frilled lizards
  8 goblin zombies
  3 hobgoblin zombies
  24 kobolds
  4 kobold zombies (Ossuary)
  4 orc skeletons (D:9)
  17 orc zombies (D:9)
  A quokka zombie (D:8)
  4 rats
  2 rat zombies (D:10)
505 creatures vanquished.

Notes
Turn   | Place    | Note
-------+----------+-------------------------------------------
     0 | D:1      | Peloso the Minotaur Fighter began the quest for the Orb.
     0 | D:1      | Reached XP level 1. HP: 19/19 MP: 0/0
    69 | D:1      | Reached XP level 2. HP: 21/27 MP: 1/1
   715 | D:1      | Reached skill level 3 in Long Blades
   715 | D:1      | Reached XP level 3. HP: 33/33 MP: 2/2
   804 | D:2      | Noticed Natasha
   814 | D:2      | Killed Natasha
   913 | D:2      | Noticed Natasha
   921 | D:2      | Reached XP level 4. HP: 35/40 MP: 3/3
   923 | D:2      | Killed Natasha
   924 | D:2      | Reached skill level 5 in Armour
  1047 | D:2      | Noticed Natasha
  1054 | D:2      | Killed Natasha
  1055 | D:2      | Reached XP level 5. HP: 34/46 MP: 4/4
  1168 | D:2      | Noticed Robin
  1186 | D:2      | Identified the +6 chain mail "Honwio" {+Blink Slay+2}
  1209 | D:2      | Killed Robin
  1210 | D:2      | Reached skill level 1 in Dodging
  1610 | D:3      | Reached skill level 4 in Long Blades
  2985 | D:4      | Reached XP level 6. HP: 39/52 MP: 5/5
  3234 | D:4      | Noticed Grinder
  3258 | D:4      | Paralysed by Grinder for 2 turns
  3262 | D:4      | Killed Grinder
  3263 | D:4      | Reached skill level 5 in Long Blades
  3263 | D:4      | Reached skill level 5 in Shields
  3263 | D:4      | Reached XP level 7. HP: 20/60 MP: 6/6
  3634 | D:4      | Reached skill level 6 in Long Blades
  3843 | D:5      | Entered Level 5 of the Dungeon
  3942 | D:5      | Reached skill level 5 in Fighting
  3942 | D:5      | Reached skill level 7 in Long Blades
  3942 | D:5      | Reached XP level 8. HP: 8/68 MP: 7/7
  4490 | D:5      | Reached skill level 8 in Long Blades
  5096 | D:5      | Reached skill level 9 in Long Blades
  5124 | D:5      | Got the Opusculum on Nausea
  5907 | D:5      | Reached XP level 9. HP: 50/75 MP: 8/8
  6050 | D:5      | Reached skill level 10 in Long Blades
  6622 | D:7      | Found Nouwefydd's Weapon Boutique.
  6623 | D:7      | Found Noulin's Jewellery Shop.
  6673 | D:7      | Found a sacrificial altar of Ru.
  6767 | D:7      | You fall into a shaft and drop 3 floors!
  6767 | D:10     | Entered Level 10 of the Dungeon
  6825 | D:10     | HP: 3/79 [poisoned by a killer bee]
  6828 | D:10     | HP: 1/79 [poisoned by a killer bee]
  7453 | D:10     | Noticed a two-headed ogre
  7468 | D:10     | Killed a two-headed ogre
  7469 | D:10     | Reached skill level 11 in Long Blades
  7553 | D:8      | Found a sand-covered staircase.
  7568 | D:8      | Reached XP level 10. HP: 80/85 MP: 9/9
  7580 | Ossuary  | Entered an ossuary
  7841 | Ossuary  | Reached skill level 1 in Stealth
  8038 | Ossuary  | Identified a scroll of acquirement
  8568 | D:8      | Noticed Prince Ribbit
  8575 | D:8      | Killed Prince Ribbit
  8601 | D:8      | Found a runed translucent gate.
  8601 | D:8      | Found a runed translucent gate.
  8601 | D:8      | Found a runed translucent gate.
  8607 | D:8      | Noticed jotaen's ghost (novice GnWn)
  8645 | D:8      | Reached skill level 12 in Long Blades
  9179 | D:8      | Reached skill level 10 in Armour
  9430 | D:9      | Found Dabijera's Neck Hole.
  9462 | D:7      | Found Qoic Dit's Antique Weapon Shoppe.
  9486 | D:7      | Found a staircase to the Ecumenical Temple.
  9497 | D:7      | Reached skill level 13 in Long Blades
  9506 | Temple   | Entered the Ecumenical Temple
  9685 | Temple   | Became a worshipper of Warmaster Okawaru
 10154 | D:7      | Found Liun's General Store.
 10157 | D:7      | Bought a potion of mutation for 104 gold pieces
 10339 | D:9      | Found a white marble altar of Elyvilon.
 10515 | D:9      | Found a staircase to the Orcish Mines.
 10552 | D:9      | Reached * piety under Okawaru
 10823 | D:9      | Noticed a two-headed ogre
 10834 | D:9      | Killed a two-headed ogre
 10834 | D:9      | Reached ** piety under Okawaru
 10835 | D:9      | Reached XP level 11. HP: 75/95 MP: 10/10
 11130 | D:9      | Reached skill level 14 in Long Blades
 11274 | D:9      | Found an ornate altar of the Wu Jian Council.
 11304 | D:9      | Found a shadowy altar of Dithmenos.
 11341 | D:9      | Found a blossoming altar of Fedhas.
 11342 | D:9      | Found an opulent altar of Gozag.
 11518 | D:9      | Noticed a death yak
 11535 | D:9      | Noticed a death yak
 11538 | D:9      | Noticed a death yak
 11542 | D:9      | Killed a death yak
 11569 | D:8      | Killed a death yak
 11701 | D:9      | Killed a death yak
 11861 | D:9      | Found a staircase to the Lair.
 11959 | D:9      | Found a burning altar of Makhleb.
 12108 | D:9      | Bought a scarf of resistance for 416 gold pieces
 12242 | D:10     | Reached *** piety under Okawaru
 12794 | D:10     | Found an ancient bone altar of Kikubaaqudgha.
 12864 | D:10     | Found a snail-covered altar of Cheibriados.
 12978 | D:11     | Noticed a white ugly thing
 12978 | D:11     | Noticed a boulder beetle
 12989 | D:11     | Killed a white ugly thing
 13026 | D:11     | Killed a boulder beetle
 13026 | D:11     | Reached **** piety under Okawaru
 13192 | D:11     | Noticed a two-headed ogre
 13199 | D:11     | Killed a two-headed ogre
 13200 | D:11     | Reached skill level 15 in Long Blades
 13327 | D:11     | Reached skill level 10 in Fighting
 13327 | D:11     | Reached XP level 12. HP: 55/106 MP: 9/11
 13330 | D:11     | Reached skill level 1 in Invocations
 14185 | Lair:1   | Entered Level 1 of the Lair of Beasts
 14403 | Lair:1   | Noticed a boulder beetle
 14449 | Lair:1   | Killed a boulder beetle
 14700 | Lair:1   | Reached ***** piety under Okawaru
 14757 | Lair:1   | Noticed a death yak
 14757 | Lair:1   | Noticed a death yak
 14757 | Lair:1   | Noticed a death yak
 14757 | Lair:1   | Noticed a death yak
 14757 | Lair:1   | Noticed a death yak
 14772 | Lair:1   | Killed a death yak
 14779 | Lair:1   | Killed a death yak
 14786 | Lair:1   | Killed a death yak
 14787 | Lair:1   | Killed a death yak
 14798 | Lair:1   | Killed a death yak
 14798 | Lair:1   | Received a gift from Okawaru
 15975 | Lair:2   | Noticed a four-headed hydra
 15982 | Lair:2   | Killed a one-headed hydra
 15983 | Lair:2   | Reached skill level 16 in Long Blades
 16083 | Lair:2   | Reached skill level 10 in Shields
 16378 | Lair:2   | Reached skill level 5 in Dodging
 16381 | Lair:2   | Found a staircase to the Shoals.
 16578 | Lair:2   | Reached XP level 13. HP: 93/117 MP: 13/13
 17206 | Lair:3   | Received a gift from Okawaru
 17945 | Lair:3   | Received a gift from Okawaru
 18283 | Lair:3   | Found a hole to the Spider Nest.
 19053 | D:12     | Found Hauxarih's Distillery.
 19178 | D:12     | Reached skill level 17 in Long Blades
 19190 | D:12     | HP: 4/119 [vampire mosquito (4)]
 20053 | D:12     | Identified the scarf of Disappointment {repulsion, -Cast
                  | rPois Str+9 Int-5} (Okawaru gifted it to you on level 12 of
                  | the Dungeon)
 20053 | D:12     | Received a gift from Okawaru
 20954 | Orc:1    | Entered Level 1 of the Orcish Mines
 21156 | Orc:2    | Entered Level 2 of the Orcish Mines
 21156 | Orc:2    | Found a staircase to the Elven Halls.
 21339 | Orc:2    | Paralysed by an orc sorcerer for 4 turns
 21342 | Orc:2    | HP: 6/122 [orc warrior/+0 battleaxe[an orc knight] (3)]
 21342 | Orc:2    | Killed from afar by an orc high priest

Illustrated notes

Levels and vault maps discovered:
D:1:      dpeg_arrival_arbitrary_a, layout_loops_ring
D:2:      layout_rooms, corexii_leaking_fountain, uniq_natasha, uniq_robin
D:3:      layout_basic
D:4:      layout_rooms, serial_curves, eino_curves_03, eino_curves_03,
          lightli_minifort, uniq_grinder
D:5:      minmay_clustersquares, layout_basic, grunt_decor_fettered,
          minmay_misc_feat_hallway
D:6:      layout_cave_pools
D:7:      layout_loops_ring, nicolae_ru_great_annihilating_truth,
          minmay_temple_entry_stoned_glass, serial_shops, shop,
          kennysheep_mini_moat, nicolae_shop_stone, shop, eino_jars
D:8:      layout_gridville, gammafunk_ghost_necromancy, enter_ossuary_4,
          uniq_prince_ribbit1
D:9:      layout_gridville, general_overflow_altar, grunt_temple_overflow_open,
          bloody_makhleb, mainiacjoe_overflow_surrounded_room,
          dpeg_lair_monsters, zombieorc2_lemuel,
          nicolae_shop_sticking_my_neck_out
D:10:     layout_roguey, lemuel_zombie_altar_kikubaaqudgha, chei_slow_surprise,
          st_stairs_8
D:11:     layout_basic
D:12:     layout_small_grid, serial_shops, nicolae_shop_rolling_square,
          laboratory
Temple:   nicolae_temple_figure_eight
Lair:1:   layout_hall_layers, infiniplex_staircase_pool, lemuel_fruit_tree
Lair:2:   layout_long_grid, minmay_shoals_entry_hut, roderic_batcave,
          grunt_megastairs_5
Lair:3:   layout_layer_cave, spider_nest_entry_funnel_web
Orc:1:    layout_diamond_mine
Orc:2:    st_orc_rangers, layout_diamond_mine, ebering_ghost_gozag, basic_altar

Skill      XL: |  1  2  3  4  5  6  7  8  9 10 11 12 13 |
---------------+----------------------------------------+-----
Shields        | 4 5 6 7 9 10 11 | 11.5
Armour         | 4 5 6 7 8 9 10 12 13 14 | 14.5
Long Blades    | 3 4 5 7 9 11 13 15 16 17 | 17.5
Fighting       | 4 5 7 8 10 11 13 | 13.3
Dodging        | 1 2 3 4 5 |  5.4
Stealth        | 1 2 |  2.9
Invocations    | 1 2 |  2.0
Evocations     | |  0.2

Action                     |  1- 3 |  4- 6 |  7- 9 | 10-12 | 13-15 || total
---------------------------+-------+-------+-------+-------+-------++-------
  Melee: Long sword        |    55 |   169 |   360 |   420 |       ||  1004
         Headbutt          |     8 |    36 |    73 |   204 |   118 ||   439
         Scimitar          |       |       |       |   347 |   417 ||   764
 Invoke: Heroism           |       |       |       |     9 |     3 ||    12
  Evoke: Wand              |       |       |       |     1 |       ||     1
    Use: Potion            |     1 |       |     4 |       |     2 ||     7
         Scroll            |       |     6 |     3 |    10 |     6 ||    25
   Stab: Invisible         |       |       |       |     3 |       ||     3
 Armour: Scale mail        |    38 |    39 |       |       |       ||    77
         Chain mail        |       |    65 |   271 |   249 |   157 ||   742
  Dodge: Dodged            |    28 |    85 |   176 |   245 |   128 ||   662
  Block: Buckler           |    17 |    54 |    98 |   165 |    97 ||   431
